 Dungeon Crawl Stone Soup version 0.19.0-20-gbc5f0c6 (webtiles) character file.

154 TatsumakiMagi the Charmwright (level 5, -8/39 HPs)
             Began as a Merfolk Skald on Nov 16, 2016.
             Was an Initiate of Gozag.
             Mangled by an orc warrior
             ... wielding a +0 war axe
              (13 damage)
             ... on level 3 of the Dungeon.
             The game lasted 00:27:04 (2546 turns).

TatsumakiMagi the Charmwright (Merfolk Skald)       Turns: 2546, Time: 00:27:05

Health: -8/39      AC:  4    Str: 14    XL:     5   Next: 35%
Magic:  3/8        EV: 12    Int: 11    God:    Gozag
Gold:   275        SH:  0    Dex: 13    Spells: 3 memorised, 3 levels left

rFire  . . .     SeeInvis .     a - +0 hand axe
rCold  . . .     Gourm    .     u - +1 robe {rN+}
rNeg   + . .     Faith    .     (no shield)
rPois  .         Spirit   .     (no helmet)
rElec  .         Reflect  .     (no cloak)
rCorr  .         Harm     +     j - +0 pair of gloves
MR     .....                    (no boots)
Stlth  ++........               i - amulet of harm
                                (no ring)
                                (no ring)

@: very slightly contaminated
A: change form in water, swift swim, stealthy swim
a: Potion Petition, Call Merchant, Bribe Branch, Renounce Religion


You were on level 3 of the Dungeon.
You worshipped Gozag.
Gozag was aware of your devotion.
You were hungry.

You visited 1 branch of the dungeon, and saw 3 of its levels.

You collected 275 gold pieces.

Inventory:

Hand Weapons
 a - a +0 hand axe (weapon)
 t - a +0 dagger
Missiles
 p - 48 arrows
 r - 10 poisoned needles
 s - 9 javelins (quivered)
Armour
 b - a +0 leather armour
 j - a +0 pair of gloves (worn)
 n - a +0 leather armour
 q - a +0 leather armour
 u - a +1 robe of positive energy (worn)
Jewellery
 i - an amulet of harm (around neck)
Scrolls
 e - a scroll of random uselessness {unknown}
 f - 2 scrolls of amnesia {unknown}
 g - a scroll of magic mapping {unknown}
 k - 3 scrolls of identify {unknown}
 l - a scroll of teleportation {unknown}
 m - 3 scrolls of remove curse {unknown}
 v - a scroll of recharging {unknown}
 x - a scroll of enchant weapon {unknown}
Potions
 h - a potion of cure mutation {unknown}
 o - a potion of agility {unknown}
Books
 c - a book of Battle

   Spells                             Type                      Level
   a - Infusion                       Charms                       1
   b - Shroud of Golubria             Charms/Translocation         2
   c - Song of Slaying                Charms                       2
   d - Spectral Weapon                Hexes/Charms                 3
   e - Regeneration                   Charms/Necromancy            3
Comestibles
 d - 2 bread rations
 w - a meat ration


   Skills:
 + Level 2.5 Fighting
 + Level 2.8 Axes
 + Level 1.2 Armour
 + Level 2.0 Dodging
 * Level 1.3 Stealth
 * Level 2.4 Spellcasting
 + Level 4.3 Charms


You had 3 spell levels left.
You knew the following spells:

 Your Spells              Type           Power        Failure   Level  Hunger
a - Infusion              Chrm           ##..         6%          1    ##.....
b - Song of Slaying       Chrm           ##......     10%         2    ###....
c - Shroud of Golubria    Chrm/Tloc      #.........   21%         2    ###....


Dungeon Overview and Level Annotations

Branches:
Dungeon (3/15)

Altars:
Gozag


Message History

The orc warrior is lightly wounded.
The orc warrior hits you with a war axe!
* * * LOW HITPOINT WARNING * * *
Your shroud falls apart!
Your song has ended.
Casting: Shroud of Golubria
Confirm with . or Enter, or press ? or * to list all spells.
You miscast Shroud of Golubria.
You are very lightly contaminated with residual magic.
Strange energies run through your body. The orc warrior barely misses you.
The orc warrior grunts repeatedly.
Casting: Shroud of Golubria
Confirm with . or Enter, or press ? or * to list all spells.
Okay, then.
Casting: Shroud of Golubria
Confirm with . or Enter, or press ? or * to list all spells.
You miscast Shroud of Golubria.
You feel a strange surge of energy!
The orc warrior hits you with a war axe!
You die...
Your body crumbles into a pile of gold.

#.#.#.....##.##.......# ######.#
#.#.#.....##.##.#.##### #####.#
#.#......# #.##...# #......
#.#......# #.###..# #......
#.#......# #.# #..# #......
#........# #.# #..# #......
#........###.# ##.###############
#...#.....##.####>...............
#...#####.##...o@...............#
##### #.......................#
###...........###########
#.#######......#....... #.#
#.#.##.#.###### #.#
#.#.##.#.#..... #.#
##.#....#.#..... #.#
#.......#.#<.###
#.######...8...........


You could see an orc warrior.

Vanquished Creatures
  An orc priest (D:3)
  Jessica (D:3)
  3 adders
  3 oozes
  A dart slug (D:1)
  2 leopard geckos
  5 bats
  A giant cockroach (D:2)
  6 goblins
  7 hobgoblins
  4 jackals (D:1)
  3 quokkas
  A frilled lizard (D:1)
  A jackal skeleton (D:3)
  8 kobolds
  9 rats
56 creatures vanquished.

Notes
Turn   | Place    | Note
-------+----------+-------------------------------------------
     0 | D:1      | TatsumakiMagi the Merfolk Skald began the quest for the Orb.
     0 | D:1      | Reached XP level 1. HP: 16/16 MP: 3/3
    76 | D:1      | Reached XP level 2. HP: 10/22 MP: 1/5
   606 | D:1      | Learned a level 2 spell: Song of Slaying
   609 | D:1      | Learned a level 2 spell: Shroud of Golubria
   715 | D:1      | Reached XP level 3. HP: 27/27 MP: 3/6
  1443 | D:2      | Reached skill level 4 in Charms
  1558 | D:2      | Reached XP level 4. HP: 28/34 MP: 2/7
  1904 | D:3      | Found a faded altar of an unknown god.
  1916 | D:3      | Became a worshipper of Gozag Ym Sagoz the Greedy
  1991 | D:3      | Noticed Jessica
  2012 | D:3      | Killed Jessica
  2012 | D:3      | Reached skill level 1 in Armour
  2012 | D:3      | Reached skill level 1 in Stealth
  2342 | D:3      | Reached XP level 5. HP: 27/39 MP: 0/8
  2500 | D:3      | Noticed an orc warrior
  2546 | D:3      | Mangled by an orc warrior

Skill      XL: |  1  2  3  4  5 |
---------------+----------------+-----
Axes           | 2 |  2.8
Charms         | 4 |  4.3
Armour         | 1 |  1.2
Stealth        | 1 |  1.3
Dodging        | 2 |  2.0
Fighting       | |  2.5
Spellcasting   | |  2.4

Action                   |  1- 3 |  4- 6 || total
-------------------------+-------+-------++-------
Melee: Hand axe          |   105 |    69 ||   174
 Cast: Infusion          |    11 |     6 ||    17
       Song of Slaying   |     3 |     3 ||     6
       Shroud of Golubri |     1 |     8 ||     9
  Use: Potion            |       |     1 ||     1
  Eat: Chunk             |     2 |       ||     2
       Bread ration      |     1 |       ||     1
Armor: Leather armour    |    51 |     6 ||    57
       Robe              |       |    13 ||    13
Dodge: Dodged            |    84 |    51 ||   135
